[Event "Italian-ch Juniors U20 2022"]
[Site "Cagliari"]
[Date "2022.11.19"]
[Round "3.2"]
[White "Rindone, Andrea"]
[Black "Cappelletto, Joshuaede"]
[Result "0-1"]
[ECO "D85"]
[WhiteElo "2104"]
[BlackElo "2265"]
[Annotator "TA"]
[PlyCount "87"]
[EventDate "2022.11.17"]
[EventType "tourn"]
[EventCountry "ITA"]
[SourceTitle "playchess.com"]
[Source "ChessBase"]
[SourceQuality "1"]
[TimeControl "40/6000+30:20/3000:900+30"]

1. d4 Nf6 2. c4 g6 3. Nc3 d5 4. cxd5 Nxd5 5. Bd2 Nb6 6. e4 {[%emt 0:07:07] D85: Exchange Grünfeld: Unusual White 7th moves and lines with 7 Nf3.} Qxd4 7. Nf3 Qd8 8. Qc2 {[%emt 0:01:12] The position is equal.} Bg7 9. Rd1 Bd7 {[%emt 0:02:58] [#]} 10. Nb5 $146 ({Predecessor:} 10. h4 Nc6 11. h5 Qc8 12. Nd5 Ne5 13. Nxe5 Bxe5 14. Bc3 Nxd5 15. Bxe5 Nf6 16. Qc3 {½-½ (42) Shishkin,V (2454)-Karpus,M (2291) Darlowko 2017}) 10... Nc6 11. e5 (11. Be2 $15) 11... O-O $17 12. Bc3 Qc8 13. Bd3 a6 14. Nbd4 Nxe5 15. Nxe5 Bxe5 16. h4 Bg7 17. h5 e5 18. hxg6 (18. Nf3 $17 {was necessary.}) 18... hxg6 19. Nf3 Bg4 20. Be4 Bxf3 (20... c6 $142 {White must now prevent ...Qe6.} 21. Qb3 Nd5 22. Bxd5 cxd5 23. Qxd5 Rd8 24. Qxd8+ Qxd8 25. Rxd8+ Rxd8) 21. gxf3 Qe6 {[%emt 0:30:27] Threatens to win with ...f5.} 22. Qd2 (22. Bxb7 $15 Rab8 23. Qe4) 22... Qf6 (22... c6 $19 {and Black stays clearly on top.} 23. Qd6 Qxd6 24. Rxd6 Rfe8) 23. Qe3 (23. Bxb7 $142 Rab8 24. Be4) 23... Rad8 (23... Rab8 $142 24. Qc5 Na4 25. Qxc7 Rfc8) 24. Rxd8 Rxd8 25. Bxb7 Nc4 $1 26. Qe2 {[%emt 0:00:41] [#]} Qf4 (26... Qg5 $1 $19 {[%cal Rg5c1] ( -> ...Qc1+)} 27. f4 Qxf4) 27. O-O (27. Qc2 $142) 27... a5 ({Better is} 27... Qg5+ $17 28. Kh1 Qh5+ 29. Kg1 Bh6) 28. Rd1 $15 Qg5+ 29. Kf1 {[%emt 0:00:24] Rxd8+ is the strong threat.} Nd6 30. Bd5 a4 $40 {[%emt 0:11:19][%mdl 128] White needs to defend precisely.} 31. Qe3 ({White should try} 31. Qc2 $15) 31... Qh4 $17 32. Qc5 Rd7 (32... e4 $1 $17 33. Qxc7 (33. Bxg7 $2 Qh1+ 34. Ke2 Qxf3+ 35. Kd2 Kxg7 $19) 33... Qh1+ 34. Ke2 Qxf3+ 35. Ke1 Qh1+ 36. Kd2 Qh4) 33. Qc6 $15 Re7 {[%emt 0:00:22] Hoping for ...e4.} 34. Be4 ({But not} 34. Ke2 $2 e4 35. fxe4 Bxc3 36. Qxc3 Nxe4 37. Bxe4 Rxe4+ 38. Kd3 Qxf2 $1 39. Kxe4 Qe2+ 40. Kf4 Qxd1 $19) 34... f5 (34... Kh7 $5 35. Kg2 Qg5+ 36. Kf1 Qh5 $17) 35. Bd5+ {[%emt 0:01:12] A strong pair of Bishops.} Kh7 36. Qa8 (36. Kg2 $1 $11 {remains equal.} Qg5+ 37. Kf1) 36... Re8 (36... Ne8 $17 {Strongly threatening ...e4.} 37. Kg2 Qg5+ 38. Kf1 e4) 37. Qc6 $11 e4 ({Black should play} 37... a3 $11) 38. Qxc7 $4 {[%emt 0:01:10][%mdl 8192] [#] White is more active. This costs White the game.} (38. Bxg7 $14 {was forced to keep a grip.} Qh1+ 39. Ke2 exf3+ 40. Kd2 Re2+ 41. Kc1) 38... Re7 $1 $19 39. Qxd6 (39. Bg8+ Kxg8) 39... Qh1+ 40. Ke2 exf3+ 41. Kd3 (41. Kd2 $142 Re2+ 42. Kd3 (42. Kc1 Bh6+ 43. Bd2 Bxd2+ 44. Kc2 Bb4+ 45. Kc1 Qh6+ 46. Kb1 Bxd6 47. Bxf3 Rxf2 48. Rxd6 Qg7 49. Rb6 Qd4 50. Rb7+ Kh6) 42... Qxd1+ 43. Kc4 Re4+ 44. Kc5 Bd4+ 45. Kc6) 41... Qxd1+ {[%emt 0:00:00] Black is clearly winning.} 42. Kc4 Qe2+ 43. Kb4 Bxc3+ 44. Kxc3 {[%emt 0:01:33] Weighted Error Value: White=0.74/Black=0.29 (precise)} 0-1

[Event "Italian-ch Juniors U20 2022"]
[Site "Cagliari"]
[Date "2022.11.19"]
[Round "3.3"]
[White "Bettalli, Francesco"]
[Black "Orfini, Nicolo`"]
[Result "1/2-1/2"]
[ECO "B27"]
[WhiteElo "2211"]
[BlackElo "2227"]
[Annotator "TA"]
[PlyCount "119"]
[EventDate "2022.11.17"]
[EventType "tourn"]
[EventCountry "ITA"]
[SourceTitle "playchess.com"]
[Source "ChessBase"]
[SourceQuality "1"]
[TimeControl "40/6000+30:20/3000:900+30"]

1. e4 c5 2. Nc3 g6 3. d4 cxd4 4. Qxd4 Nf6 5. Nf3 Nc6 6. Qa4 d6 7. e5 dxe5 8. Nxe5 Bg7 {[%emt 0:00:18] B27: Sicilian: 2 Nf3, unusual Black 2nd moves.} 9. Bb5 O-O 10. Nxc6 bxc6 {[%emt 0:00:04] The position is equal.} 11. Bxc6 Rb8 12. O-O Qc7 13. Re1 Bb7 {[%emt 0:20:13] [#]} (13... Ng4 14. Bf4 Ne5 15. Nd5 $16) 14. Bb5 $146 ({Predecessor:} 14. Bxb7 Rxb7 15. Bf4 Qc5 16. Re5 Qb4 17. Qxb4 Rxb4 18. Bc1 e6 19. Ra5 Rd8 20. Kf1 {1-0 (36) Naiditsch,A (2674)-Hausrath,D (2537) Germany 2011}) 14... Nd5 {[%emt 0:20:45] Against Bf4} 15. Nxd5 Bxd5 16. Bf1 Be5 17. h3 Bc6 18. Qa3 Rfd8 19. Rb1 Bh2+ 20. Kh1 Bd6 $1 21. Qe3 Rb4 (21... Bd5 $11 {keeps the balance.}) 22. c4 $1 $16 Ra4 (22... Rbb8 $16) 23. a3 $1 $18 {[%emt 0:01:12] Hoping for b4.} Ra5 {[%emt 0:04:29] [#]} 24. b4 $1 Re5 {[%emt 0:00:39] [#]} 25. Qc3 {[%emt 0:00:12] And now Bh6 would win.} Rh5 (25... Rxe1 26. Qxe1 Qd7 27. Kg1 $16) 26. Bb2 f6 27. c5 Bf4 28. Qb3+ ({White should try} 28. Red1 Bd2 29. Qb3+ (29. Rxd2 Rxd2 30. Kg1 Qf4 $15) 29... Kg7 30. Kg1) 28... Kf8 (28... Kg7 $142) 29. Rbd1 {[%emt 0:03:35] Threatens to win with Rxd8+.} Bd2 30. Re2 {[%emt 0:01:53] The board is on fire.} Bd5 31. Rexd2 Bxb3 32. Rxd8+ Kf7 $1 33. R1d2 (33. R1d4 $14) 33... Be6 (33... Qc6 $5 ) 34. Kg1 g5 35. Bb5 (35. R8d4 $16) 35... Rh4 $11 36. R8d4 Rh6 (36... Rxd4 $11 {remains equal.} 37. Rxd4 Qe5) 37. Re2 (37. Rd1 $16) 37... f5 (37... Rh4 $11) 38. Rd3 $2 {[%emt 0:01:37] White is more active.} (38. Red2 $16 {stays on course. Strongly threatening Rd8.} Qb7 39. Be2) 38... Qb7 $17 39. Rxe6 ({Don't play} 39. a4 a6 40. c6 Qc8 $19) 39... Rxe6 (39... Qxb5 $17 40. Ree3 (40. Rxh6 Qxd3 41. Kh2 Qd2 $17) 40... Re6) 40. Bc4 $15 Qe4 41. Bxe6+ Qxe6 {[%emt 0:49:57][%mdl 4096] Endgame KQ-KRB} 42. Re3 {[%emt 0:01:39] Inhibits Qe1+.} Qa2 {[%emt 0:00:00][%mdl 1024] Black has strong compensation.} 43. Bc1 (43. Bh8 $1 $15) 43... Qc2 44. Re1 f4 45. Rf1 e5 46. f3 $2 (46. Re1 {might work better.}) 46... h5 $19 {[%emt 0:00:00] Black is clearly winning.} 47. Kh1 Ke6 48. Kh2 Kf5 49. Kh1 g4 50. fxg4+ hxg4 51. hxg4+ Kxg4 52. Bxf4 exf4 {[%emt 0:00:00] KQ-KR} 53. Rf3 Qb2 54. Kh2 a5 55. bxa5 Qc1 56. a6 {[%emt 0:00:00] White threatens a7 and mate.} Qxc5 57. Rh3 Qd6 {[%emt 0:00:00] ( -> ...f3+)} 58. Rf3 Qxa6 59. Rh3 Qf1 60. Rf3 {[%emt 0:00:00][%mdl 32768] Quite a comeback for Black.  Weighted Error Value: White=0.29 (precise) /Black=0.18 (very precise) . An unexpected result.} 1/2-1/2

[Event "Italian-ch Juniors U20 2022"]
[Site "Cagliari"]
[Date "2022.11.19"]
[Round "3.4"]
[White "Ballotti, Luca"]
[Black "Bin-Suhayl, Ieysaa"]
[Result "0-1"]
[ECO "A22"]
[WhiteElo "2136"]
[BlackElo "2230"]
[Annotator "TA"]
[PlyCount "102"]
[EventDate "2022.11.17"]
[EventType "tourn"]
[EventCountry "ITA"]
[SourceTitle "playchess.com"]
[Source "ChessBase"]
[SourceQuality "1"]
[TimeControl "40/6000+30:20/3000:900+30"]

1. c4 e5 2. g3 Nf6 3. Bg2 c6 4. Nf3 d6 5. O-O Be7 6. Nc3 O-O 7. d4 {[%emt 0:01:53] 7.e4 is a critical line.} e4 {[%emt 0:00:31] A22: English Opening: 1...e5 2 Nc3 Nf6.} 8. Ne1 d5 9. f3 (9. Nc2 $11) 9... exf3 $1 $15 {[%emt 0:00:58] Black is slightly better.} 10. Nxf3 dxc4 11. Ne5 {[%emt 0:04:10] [#]} (11. e4 $15 {might be stronger.}) 11... Be6 $1 $17 12. e4 Nbd7 {[%emt 0:07:00] [#]} 13. Bf4 $146 {[%emt 0:02:07] [#]} (13. Nf3 $1 $15) ({Predecessor:} 13. Nf3 Qa5 14. Ng5 Bg4 15. Qc2 h6 16. Nf3 Rad8 17. Ne2 Rfe8 18. h3 Bxf3 19. Bxf3 {0-1 (40) Shukla,K-Lengyel,L Varna 1962}) 13... Nxe5 $1 14. Bxe5 Qd7 (14... Qb6 $17 15. Na4 Qa5) 15. Qd2 Ng4 16. Bf4 Rad8 {[%emt 0:03:01] Black is more active.} 17. Rad1 $1 Nf6 18. Qf2 (18. d5 $15 Bc5+ 19. Kh1 cxd5 20. exd5) 18... Bg4 19. Rd2 Bh3 20. Re1 Bxg2 21. Kxg2 Rde8 22. a3 Bd8 23. h3 (23. Ree2 $142) 23... b5 (23... Ba5 $142 {...Bxc3 is the strong threat.} 24. Rde2 Re6) 24. Qf3 Ba5 25. Rdd1 ({White should try} 25. Ree2) 25... Re6 26. Re2 (26. d5 $17 cxd5 27. e5 Bxc3 28. bxc3) 26... Rfe8 {[%emt 0:00:47] Strongly threatening ...Bxc3.} 27. d5 (27. Bg5 $142) 27... Bxc3 $19 28. dxe6 Qxd1 29. exf7+ Kxf7 30. bxc3 Kg8 31. Kf2 Qd3 32. e5 Qxf3+ ({Inferior is} 32... Nd5 33. Qxd3 cxd3 34. Rd2 $17) 33. Kxf3 {[%emt 0:00:01][%mdl 4096] Endgame KRB-KRN} Nd5 34. Bd2 Kf7 35. Ke4 Rd8 36. Rf2+ Ke6 37. h4 Nb6 38. Be3 (38. h5 {is a better defense.} Na4 39. h6 Nc5+ 40. Kf3) 38... Na4 39. Bxa7 c5 40. Rf3 Ra8 41. h5 Rxa7 {[%emt 0:49:14] KRN-KR} 42. h6 Re7 43. g4 gxh6 44. Rf6+ Kd7 45. Rd6+ Kc7 46. Rxh6 Nxc3+ 47. Kf5 b4 48. axb4 cxb4 {[%emt 0:00:00][%cal Bc5b4,Bb4b3,Bb3b2][%mdl 32] aiming for ...b3.} 49. Rd6 b3 {[%emt 0:00:00] Black mates.} 50. Rd4 b2 51. Rxc4+ Kd8 {[%emt 0:00:00] Weighted Error Value: White=0.83/Black=0.09 (flawless)} 0-1

[Event "Italian-ch Juniors U20 2022"]
[Site "Cagliari"]
[Date "2022.11.20"]
[Round "4.2"]
[White "Orfini, Nicolo`"]
[Black "Ballotti, Luca"]
[Result "1-0"]
[ECO "C54"]
[WhiteElo "2227"]
[BlackElo "2136"]
[Annotator "TA"]
[PlyCount "104"]
[EventDate "2022.11.17"]
[EventType "tourn"]
[EventCountry "ITA"]
[SourceTitle "playchess.com"]
[Source "ChessBase"]
[SourceQuality "1"]
[TimeControl "40/6000+30:20/3000:900+30"]

1. e4 e5 2. Nf3 Nc6 3. Bc4 Bc5 4. d3 Nf6 5. O-O d6 6. c3 a6 7. a4 h6 8. Re1 {[%emt 0:09:28] C54: Giuoco Piano: 4 c3 Nf6, main lines with 5 d4 and 5 d3.} Ba7 9. h3 O-O 10. Nbd2 {[%emt 1:14:13][%cal Bb1d2,Bd2f1,Bf1g3][%mdl 32] The position is equal.} Ne7 (10... Nh5 {is more complex.} 11. Nf1 Qf6 12. Ne3 Nf4) 11. Nf1 {[%emt 0:00:00] 11.Bb3 injects fresh life into this line.} Ng6 12. Ng3 c6 13. Bb3 a5 (13... d5 $11) 14. d4 $14 Re8 15. Qc2 Qc7 16. Be3 Be6 17. Bxe6 Rxe6 18. Rad1 Ree8 {[%emt 0:10:37] [#]} 19. dxe5 $146 ({Predecessor:} 19. Qc1 exd4 20. Bxh6 gxh6 21. Nf5 Re6 22. Qxh6 Ne8 23. Ng5 Nf8 24. Nxe6 fxe6 25. Rd3 {1-0 (79) Savic,M (2505)-Nestorovic,N (2504) Zrenjanin 2018}) 19... dxe5 20. Bxa7 Rxa7 21. Nf5 Raa8 22. c4 c5 23. Rd6 {[%emt 0:00:00][%cal Od6f6] Rxf6! is the strong threat.} Re6 24. Red1 Rxd6 25. Rxd6 Rd8 {[%emt 0:46:51] [#]} 26. Nxh6+ $1 gxh6 27. Rxf6 Kg7 $1 28. Rf5 Qd6 29. Kh2 f6 30. Qb3 Qc6 (30... Rd7 $1 $14) 31. Qe3 $18 Nf4 {[%emt 0:00:00] [#]} 32. Ne1 {[%emt 0:00:00] Inhibits Rd3.} ({White has to play} 32. Nh4 $1 $18) 32... Rd4 $1 $14 33. Qg3+ Kh7 {[%emt 0:00:00] A mistake that costs the game.} (33... Kf7 $14 34. Nf3 Qxe4) 34. Qh4 Ng6 35. Qxf6 Qxf6 36. Rxf6 Rxc4 $16 {[%emt 0:00:00][%mdl 4096] Endgame KRN-KRN} 37. Nd3 {[%emt 0:00:00][%cal Of6g6] Black must now prevent Rxg6!} Rxa4 38. Nxc5 {[%emt 0:00:00] White is more active.} Rc4 39. Nxb7 a4 (39... Nf4 $142) 40. Nd6 $18 Rb4 (40... Rc2 {is more resistant.} 41. Kg3 (41. Rf7+ Kg8 $18) 41... Nf4 42. Rf7+ Kg6) 41. Rf7+ {[%emt 0:44:18] White is clearly winning.} Kg8 42. Rb7 Rb3 43. Rxb3 axb3 {[%emt 0:00:00] KN-KN} 44. Nc4 Kf7 45. g3 Ke6 46. Nd2 Kd6 47. Nxb3 Kc6 48. Kg2 Kb5 49. Kf3 Kc4 50. Nd2+ Kb4 51. Nf1 Kb3 52. Kg4 Nf8 {[%emt 0:00:00] Weighted Error Value: White=0.10 (very precise) /Black=0.30} 1-0

[Event "Italian-ch Juniors U20 2022"]
[Site "Cagliari"]
[Date "2022.11.20"]
[Round "4.3"]
[White "Cappelletto, Joshuaede"]
[Black "Bettalli, Francesco"]
[Result "1-0"]
[ECO "A31"]
[WhiteElo "2265"]
[BlackElo "2211"]
[Annotator "TA"]
[PlyCount "61"]
[EventDate "2022.11.17"]
[EventType "tourn"]
[EventCountry "ITA"]
[SourceTitle "playchess.com"]
[Source "ChessBase"]
[SourceQuality "1"]
[TimeControl "40/6000+30:20/3000:900+30"]

1. c4 c5 2. Nf3 g6 3. d4 cxd4 4. Nxd4 Nf6 5. Nc3 d5 6. e3 {[%emt 0:09:23] A31: Symmetrical English: 2 Nf3 Nf6 3 d4.} (6. Bg5 $5 ) 6... Bg7 7. Nf3 (7. cxd5 $14 O-O 8. Nb3) 7... Qa5 8. Bd2 {[%emt 0:01:02] The position is equal.} dxc4 9. Bxc4 {[%emt 0:00:27] [#]} O-O $146 ({Predecessor:} 9... Qc5 10. Bb3 O-O 11. O-O Nc6 12. Rc1 Qh5 13. h3 Bf5 14. Qe2 Ne4 15. Nxe4 Bxe4 {0-1 (64) Swicarz,M (2347)-Zubov,A (2598) Chess.com INT 2021}) 10. O-O Qc7 11. Bb3 Nc6 12. h3 Bd7 13. Rc1 Rac8 (13... Qc8 $11) 14. Qe2 (14. Re1 $16) 14... Qb8 $11 15. a3 Na5 16. Ba2 b5 ({Better is} 16... Nc6 $14) 17. e4 $1 $16 {[%emt 0:15:19] Hoping for e5.} e5 18. Nd5 ({White should try} 18. Bg5 $1 $16) 18... Nxd5 $14 19. Bxd5 Nc6 20. Be3 {[%emt 0:02:55] White has more active pieces.} Nd4 21. Bxd4 exd4 22. Rxc8 Rxc8 23. Rd1 (23. Qd2 {feels hotter.} b4 24. axb4 Bb5 25. Rd1) 23... b4 24. axb4 (24. Nxd4 bxa3 25. bxa3 Ba4 $17) (24. e5 {simplifies} bxa3 25. bxa3 Bc6 26. Bxc6 Rxc6 27. Nxd4 Rc8 28. e6) 24... Qxb4 {[%emt 0:04:48] [#]} 25. e5 $1 {[%emt 0:00:42][%cal Od5f7] Strongly threatening Bxf7+!} Bb5 26. Qe4 {[%emt 0:00:49][%cal Od5f7] And now Bxf7+! would win.} Be8 {[%emt 0:09:53] [#] A mistake that costs the game.} (26... Qe7 $16) 27. e6 $1 $18 {[%emt 0:05:11] exf7+ is the strong threat.} (27. Rxd4 Qxb2 28. Rc4 Rxc4 29. Bxc4 Bf8 $11) (27. Nxd4 Kh8 $14) (27. Qxd4 Qxd4 28. Rxd4 Kf8 $14) 27... Bf6 $2 (27... Kh8 28. exf7 Bd7 29. Nxd4 a6) 28. exf7+ {[%emt 0:02:00] White is clearly winning.} ({Less strong is} 28. Nxd4 Rd8 $16) 28... Bxf7 29. Bxf7+ (29. Nxd4 Rd8 30. Qf3 (30. Bxf7+ Kxf7 31. Qe6+ Kg7 $17) 30... Rxd5 $17) 29... Kxf7 30. Qd5+ ({And not} 30. Nxd4 Rd8 31. Qe6+ Kg7 32. Nf5+ gxf5 33. Rxd8 Bxd8 $17) 30... Kf8 31. Qe6 {[%emt 0:00:30] Weighted Error Value: White=0.15 (very precise) /Black=0.30} ({Not} 31. Nxd4 Qc4 32. Qd6+ Kg7 $16) 1-0

[Event "Italian-ch Juniors U20 2022"]
[Site "Cagliari"]
[Date "2022.11.20"]
[Round "4.4"]
[White "Lumachi, Gabriele"]
[Black "Rindone, Andrea"]
[Result "1-0"]
[ECO "E42"]
[WhiteElo "2394"]
[BlackElo "2104"]
[Annotator "TA"]
[PlyCount "91"]
[EventDate "2022.11.17"]
[EventType "tourn"]
[EventCountry "ITA"]
[SourceTitle "playchess.com"]
[Source "ChessBase"]
[SourceQuality "1"]
[TimeControl "40/6000+30:20/3000:900+30"]

1. d4 Nf6 2. c4 e6 3. Nc3 Bb4 4. e3 c5 5. Nge2 cxd4 6. exd4 d5 7. a3 Be7 8. Nf4 O-O 9. cxd5 Nxd5 10. Nfxd5 exd5 11. Qb3 {[%emt 0:00:16] E42: Nimzo-Indian: Rubinstein: 4...c5 5 Ne2.} Nc6 12. Be3 Bf6 13. Rd1 {[%emt 0:02:40] [#] The position is equal.} Re8 $146 ({Predecessor:} 13... Ne7 14. Be2 b6 15. O-O Be6 16. Bf3 Qd7 17. Rfe1 Rfd8 18. Bf4 {½-½ (18) Pedersen,S (2406)-Reinecker,K (2246) Denmark 2015}) 14. Be2 Na5 (14... Ne7 {simplifies} 15. O-O Be6 16. Rfe1 Qd6) 15. Qxd5 Be6 {[%emt 0:00:20] Against b4} 16. Qxd8 Raxd8 17. Ne4 Bh4 {[%emt 0:03:28] White must now prevent ...Bb3.} 18. Nd2 Bg4 19. g3 Bxe2 20. Kxe2 Bf6 21. Kd3 Nc6 22. Nf3 Rd5 23. Rd2 (23. h4 {simplifies} Red8 24. Ke2 Nxd4+ 25. Nxd4 Bxd4 26. Bxd4 Rxd4 27. Rxd4 Rxd4 28. Rc1) 23... Red8 24. Rhd1 Na5 (24... Bxd4 $2 25. Ke2 $18) (24... Nxd4 $2 25. Nxd4 (25. Ke4 Re8+ 26. Kxd5 Nxf3 $16) 25... Rxd4+ 26. Bxd4 Rxd4+ 27. Kc2 Rc4+ 28. Kb1 $18) 25. b4 Nb3 (25... Nc6 $1 $14) 26. Rc2 $1 $16 a5 27. Rc7 {[%emt 0:07:14] Kc4 is the strong threat.} b5 {[%emt 0:01:12] [#]} 28. Ke4 $1 g6 {[%emt 0:02:28] [#]} 29. g4 ({Better is} 29. Rc8 $3 ) 29... R8d6 $2 (29... Bh8 $16) 30. Bf4 Rd8 31. Rc8 Be7 (31... Rxc8 $16 {was necessary.} 32. Kxd5 Be7) 32. Rxd8+ $18 Rxd8 33. Rd3 a4 34. d5 {[%emt 0:00:15][%cal Bd4d5,Bd5d6][%mdl 32] And now d6 would win.} Re8 {[%emt 0:01:18] Prevents d6.} 35. Be5 f6 {[%emt 0:02:57] Inhibits d6. Strongly threatening ...Bd6.} 36. d6 $1 {[%emt 0:00:04] aiming for d7.} Bd8 {[%emt 0:00:13] [#]} 37. Kd5 fxe5 38. Nxe5 Kg7 39. Nc6 {[%emt 0:00:52] White is more active.} Nc1 $2 (39... Bb6 $16) 40. Re3 Rf8 (40... Rxe3 41. fxe3 Bb6) 41. Nxd8 {[%emt 0:02:15] White is clearly winning.} Rxd8 42. Kc6 Rc8+ 43. Kb7 Rc2 44. d7 Rd2 45. Kc7 Rc2+ 46. Kd6 {[%emt 0:00:00] Weighted Error Value: White=0.18 (very precise) /Black=0.41} 1-0

[Event "Italian-ch Juniors U20 2022"]
[Site "Cagliari"]
[Date "2022.11.21"]
[Round "5.1"]
[White "Rindone, Andrea"]
[Black "Hercegovac, Neven"]
[Result "1-0"]
[ECO "D94"]
[WhiteElo "2104"]
[BlackElo "2230"]
[Annotator "TA"]
[PlyCount "71"]
[EventDate "2022.11.17"]
[EventType "tourn"]
[EventCountry "ITA"]
[SourceTitle "playchess.com"]
[Source "ChessBase"]
[SourceQuality "1"]
[TimeControl "40/6000+30:20/3000:900+30"]

1. Nf3 c5 2. c4 g6 3. Nc3 Bg7 4. e3 Nf6 5. d4 cxd4 6. exd4 d5 7. cxd5 Nxd5 8. Bc4 Nb6 9. Bb3 O-O 10. O-O Nc6 11. d5 Na5 12. Be3 {[%emt 0:01:26] D94: Grünfeld: 4 Nf3 Bg7 5 e3.} Bg4 13. Re1 (13. h3 $5 Bxc3 14. bxc3 Nxb3 15. axb3 Bxf3 16. Qxf3 $11) 13... Nbc4 14. Bxc4 {[%emt 0:36:20] The position is equal.} Nxc4 15. Qb3 {[%emt 0:02:10] [#]} Qc8 $146 (15... Nxe3 16. Rxe3 Bxf3 17. Rxf3) (15... Rc8 16. Nd4 Nxe3 17. fxe3 Qc7) (15... Rc8 $1 $17) ({Predecessor:} 15... Na5 16. Qb4 Bxf3 17. gxf3 Rc8 18. Bc5 Bxc3 19. bxc3 Qxd5 20. Bxe7 Nc6 21. Qxb7 Rb8 {0-1 (36) Niemela,A (2279)-Maki,V (2400) Finland 2011}) 16. Nd4 (16. Nd2 $11 Nxe3 17. Rxe3) 16... Nxe3 $15 17. fxe3 Qc7 18. h3 Bd7 19. Nf3 {[%emt 0:00:41] [#]} ({White should play} 19. Rad1 $15) 19... Bxh3 $1 $17 20. Ne4 {[%emt 0:03:08] Against Qg3} ({But not} 20. d6 Qxd6 21. Re2 {[#]} Rab8 $1) 20... Bf5 {[%emt 0:01:14] This pair of bishops is nice.} 21. Rac1 Qb8 22. Nc5 (22. Nf2 $17 {keeps fighting.}) 22... b6 $19 23. Na6 Qg3 24. e4 Bg4 {[%emt 0:03:57] Hoping for ...Rac8.} 25. Nb4 h5 (25... Rfe8 $19 {and Black stays clearly on top. White must now prevent ...e6.} 26. Nc6 Bh6) 26. Nc6 $17 Bh6 (26... Rfe8 $17 {...Bxf3 is the strong threat.} 27. Nfd4 Qxb3 28. axb3 Rac8) 27. Nxe7+ $11 Kh7 $2 {[%emt 0:00:02][%mdl 8192] [#] Loses the game.} (27... Kg7 $11 {and Black has nothing to worry.} 28. Qc3+ f6) 28. Ng5+ $1 $18 Bxg5 29. Qxg3 Bxe7 30. d6 Bg5 31. Rc7 Kh6 32. e5 f5 (32... Be6 $142 33. Rf1 Rac8) 33. exf6 Rxf6 34. Ree7 {[%emt 0:01:14][%csl Gc7][%cal Re7h7] White mates.} Rh8 35. Qe5 h4 36. Rf7 {[%emt 0:01:11] Weighted Error Value: White=0.41/Black=0.66} 1-0

[Event "Italian-ch Juniors U20 2022"]
[Site "Cagliari"]
[Date "2022.11.21"]
[Round "5.2"]
[White "Bettalli, Francesco"]
[Black "Lumachi, Gabriele"]
[Result "1/2-1/2"]
[ECO "A50"]
[WhiteElo "2211"]
[BlackElo "2394"]
[Annotator "TA"]
[PlyCount "52"]
[EventDate "2022.11.17"]
[EventType "tourn"]
[EventCountry "ITA"]
[SourceTitle "playchess.com"]
[Source "ChessBase"]
[SourceQuality "1"]
[TimeControl "40/6000+30:20/3000:900+30"]

1. d4 Nf6 2. Nf3 b6 3. c4 Bb7 4. e3 g6 5. Bd3 Bg7 6. O-O {[%emt 0:00:30] A50: Queen's Fianchetto Defence (1 d4 Nf6 2 c4 b6).} O-O 7. Nbd2 d6 8. e4 {[%emt 0:02:17] [#]} Nh5 $146 ({Predecessor:} 8... Nbd7 9. Re1 e5 10. Nf1 exd4 11. Nxd4 Re8 12. Ng3 Nc5 13. f3 Nxd3 14. Qxd3 d5 15. cxd5 Nxd5 {0-1 (72) Odegov,A (2298)-Denishev,M (2159) Chess.com INT 2021}) 9. g3 e5 10. d5 a5 11. Ne1 Bh6 12. Ng2 (12. Nb1 {simplifies} Bxc1 13. Qxc1 Bc8 14. f3) 12... Bc8 13. b3 (13. Nb1 {simplifies} Bxc1 14. Qxc1 Na6 15. Nc3) 13... Bh3 14. Nf3 Bxc1 15. Qxc1 Na6 16. Qh6 {[%emt 0:04:40] [#] And now Ng5 would win.} f6 {[%emt 0:00:30] Against Ng5} 17. a3 Qd7 {[%emt 0:01:38] aiming for ...Bxg2.} 18. Qd2 (18. Bc2 $11) 18... Nc5 $15 {[%emt 0:20:53] ...Bxg2 is the strong threat.} 19. Bc2 Qg4 (19... f5 {is interesting.} 20. Qh6 Nxe4 21. Bxe4 fxe4 22. Ng5 Rf3) 20. Nfe1 Bxg2 ({Reject} 20... Nxe4 21. Bxe4 Qxe4 22. f3 Qd4+ 23. Qxd4 exd4 24. Nc2 $11) (20... a4 $15 21. b4 Nxe4 22. Bxe4 Qxe4) 21. Nxg2 $11 {[%emt 0:00:30] The position is equal.} Nxe4 22. Bxe4 Qxe4 23. f3 $1 Qd4+ 24. Qxd4 exd4 25. Rad1 f5 26. Rxd4 Rae8 {[%emt 0:00:06] Weighted Error Value: White=0.11 (very precise) /Black=0.08 (flawless)} 1/2-1/2

[Event "Italian-ch Juniors U20 2022"]
[Site "Cagliari"]
[Date "2022.11.21"]
[Round "5.3"]
[White "Ballotti, Luca"]
[Black "Cappelletto, Joshuaede"]
[Result "1/2-1/2"]
[ECO "A34"]
[WhiteElo "2136"]
[BlackElo "2265"]
[Annotator "TA"]
[PlyCount "24"]
[EventDate "2022.11.17"]
[EventType "tourn"]
[EventCountry "ITA"]
[SourceTitle "playchess.com"]
[Source "ChessBase"]
[SourceQuality "1"]
[TimeControl "40/6000+30:20/3000:900+30"]

1. Nf3 {[%emt 0:00:03] Ribli,Z} c5 2. c4 Nc6 3. Nc3 e5 4. e3 Nf6 5. Be2 d5 {[%emt 0:03:50] [#] And now ...d4 would win.} 6. cxd5 {[%emt 0:00:09] A34: Symmetrical English: 2 Nc3, lines with ...d5.} Nxd5 7. O-O Nc7 8. a3 (8. b3 $142) 8... Be7 $11 9. Qc2 O-O $1 10. Ne4 Ne6 {[%emt 0:14:56] [#]} 11. Bc4 $146 (11. Ng3 $11) ({Predecessor:} 11. b3 Bd7 12. Bb2 f6 13. Ng3 Rf7 14. Nf5 Bf8 15. d4 cxd4 16. exd4 Rc8 17. Qb1 {0-1 (27) Babiy,A (2471)-Filippov,V (2574) St Petersburg 1999 EXT 2020 [Ribli,Z]}) 11... b6 (11... f5 $15 12. Nc3 e4) 12. b4 Kh8 {[%emt 0:39:39] Weighted Error Value: White=0.14 (very precise) /Black=0.24 (precise)} (12... Bb7 $11 {keeps the balance.}) 1/2-1/2